 Dungeon Crawl Stone Soup version 0.27.1-4-g1640c2035a (webtiles) character file.

Game seed: 9158153959352571395

2 Stomo444 the Skirmisher (level 1, 17/19 HPs)
             Began as a Draconian Monk on Nov 10, 2021.
             Was an Initiate of Gozag.
             Quit the game on level 1 of the Dungeon.
             The game lasted 00:00:15 (88 turns).

Stomo444 the Skirmisher (Draconian Monk)              Turns: 88, Time: 00:00:16

Health: 17/19      AC:  4    Str: 13    XL:     1   Next: 33%
Magic:  1/1        EV: 12    Int: 10    God:    Gozag
Gold:   20         SH:  0    Dex: 13    Spells: 0/0 levels left

rFire    . . .     SeeInvis .   a - +0 mace
rCold    . . .     Faith    .   (no shield)
rNeg     . . .     Spirit   .   (armour unavailable)
rPois    .         Reflect  .   (helmet restricted)
rElec    .         Harm     .   (no cloak)
rCorr    .         Rampage  .   (no gloves)
Will     .....                  (no boots)
Stlth    ++........             (no amulet)
HPRegen  0.06/turn              (no ring)
MPRegen  0.07/turn              (no ring)

@: no status effects
A: AC +4, unfitting armour, cold-blooded
a: Renounce Religion, Potion Petition, Call Merchant, Bribe Branch


You were on level 1 of the Dungeon.
You worshipped Gozag.
Gozag was noncommittal.
You visited 1 branch of the dungeon, and saw 1 of its levels.

You collected 20 gold pieces.

Inventory:

Hand Weapons
 a - a +0 mace (weapon)
Scrolls
 b - a scroll of enchant weapon {unknown}
 c - a scroll of enchant armour {unknown}
 d - a scroll of identify {unknown}


   Skills:
 + Level 3.3 Fighting
 + Level 3.0 Maces & Flails
 + Level 2.7 Dodging
 - Level 1.7 Stealth


You couldn't memorise any spells.
You didn't know any spells.
Your spell library was empty.

Dungeon Overview and Level Annotations

Branches:
Dungeon (1/15)

Altars:
Gozag


Innate Abilities, Weirdness & Mutations

Your plain brown scales are hard. (AC +4)
You cannot fit into any form of body armour.
You are cold-blooded and may be slowed by cold attacks.


Message History

No target in view!
No target in view!
No target in view!
No target in view!
No target in view!
No target in view!
No target in view!
No target in view!
No target in view!
No target in view!
HP restored.
d - a scroll labelled WUFAYPRIECVE An endoplasm comes into view.
An endoplasm is nearby!
An endoplasm is nearby!
The endoplasm freezes you.
You are frozen.
You hit the endoplasm. You tail-slap the endoplasm.
You kill the endoplasm!
No target in view!
No target in view!
An endoplasm and a dart slug come into view.
Something bites the plant.
The plant begins to die.
You sock the plant!
The plant begins to die.
The plant is lightly damaged.
The dart slug bites the plant.
A nearby plant withers and dies.
The dart slug bites the plant.
The plant begins to die.
A nearby plant withers and dies.
There is a faded altar of an unknown god here.
You cannot tell which god this altar belongs to.
Convert to them anyway? [Y]es or [N]o only, please.
You cannot tell which god this altar belongs to.
Convert to them anyway?
Okay, then.
You cannot tell which god this altar belongs to.
Convert to them anyway?
Gozag accepts your prayer! Gozag welcomes you!
Gozag waives the service fee.
The dart slug bites the plant.
The plant begins to die.
Are you sure you want to abandon this character and quit the game? (Confirm with "yes".)

.#....#...#.# #
#.#..#....#.# .#
...##.....#.# ##.####
#.#.#.....#.####.....#
.#...#....#...........
#.#...#.#.#....PPw...
.<.#...#......P♣PP♣
....#.#.#.##.P♣P.♣
.....#....#.....@♣
#...#.#...#....♣.PPP..#
.#.##.....#...♣♣P....##
..#..#....##.........#
.#....#...###......J##
#......#..# #....####
........#.# #...##
......... #..##
##.######


You could see a dart slug and an endoplasm (asleep).

Vanquished Creatures
  An endoplasm (D:1)
  A hobgoblin (D:1)
2 creatures vanquished.

Vanquished Creatures (others)
  2 plants (D:1)
2 creatures vanquished.

Grand Total: 4 creatures vanquished

Notes
Turn   | Place    | Note
-------+----------+-------------------------------------------
     0 | D:1      | Stomo444 the Draconian Monk began the quest for the Orb.
     0 | D:1      | Reached XP level 1. HP: 19/19 MP: 1/1
    35 | D:1      | Found a faded altar of an unknown god.
    87 | D:1      | Became a worshipper of Gozag Ym Sagoz the Greedy
    88 | D:1      | Quit the game

Illustrated notes

Levels and vault maps discovered:
D:1:      matt_arrival_diagonals, layout_loops_ring, serial_shops,
          shop_fountains, dreamdust_ecumenical_altar_grove

Action                   || total
-------------------------++-------
Melee: Mace              ||     4
       Tailslap          ||     1
Dodge: Dodged            ||     1
